AoeStats
← christar123 ten

Arabian Desert

510131281Analyzed
1v1 RM · 2d ago on Sep 29, 2026· 32m 4s· 2 players
Game mode
Random Map
Map size
Tiny (2 player)
Population
200
Speed
Normal
Resources
Standard
Victory
Conquest
Starting age
Dark Age
Ending age
Imperial Age
RankedLock teamsTeams togetherTeam positionsShared explorationLock speedFull tech treeHidden civsTurbo modeCheats
Victory
Defeat
🇬🇧 Huns · United Kingdom
2099
+8
🇪🇸 Spanish · Spain
1898
-8
OSO_CT
6:02 Loom
8:54 Feudal Age
8:58 Man-at-Arms
11:47 Double-Bit Axe
16:02 Wheelbarrow
18:19 Horse Collar
20:53 Castle Age
19:00 Fletching
21:31 Bodkin Arrow
20:58 Elite Skirmisher
24:52 Bow Saw
25:32 Sanctity
christar123 ten
8:25 Feudal Age
8:59 Double-Bit Axe
11:14 Loom
14:25 Fletching
16:04 Wheelbarrow
20:05 Castle Age
18:08 Padded Archer Armor
18:41 Scale Barding Armor
18:24 Horse Collar
19:26 Bloodlines
20:23 Gold Mining
21:26 Elite Skirmisher
22:59 Bodkin Arrow
26:42 Padded Archer Armor
27:54 Wheelbarrow
28:17 Ballistics
28:41 Bow Saw
30:06 Heavy Plow
31:05 Devotion
Connection lost

Rejoining the realm…

Still unreachable

The connection could not be restored.

Session expired

The server has moved on; the page needs a fresh start.